Jets vs Blues

Created - 1 janvier 2021 at 20:59

Goals
1 2 3 T
Jets 0 0 1 1
Blues 0 0 2 2
Shots
1 2 3 T
Jets 12 11 8 31
Blues 2 10 16 28

1st period

No Goal

Penalties :
Bryan Rust (WPG) for Tripping (Minor) at 5:09

2nd period

No Goal

Penalties :
Jaccob Slavin (WPG) for Tripping (Minor) at 7:21, P.K. Subban (STL) for Diving (Minor) at 13:58

3rd period

1. Jets , Bryan Rust 14 (Mika Zibanejad 22, Jaccob Slavin 19) at 4:28
2. Blues , Jack Eichel 16 (Dougie Hamilton 11, Mikko Rantanen 20) at 8:41
3. Blues , Anthony Mantha 9 (Miles Wood 10, Jordan Staal 6) at 13:00

Penalties :
Mats Zuccarello (WPG) for Hooking (Minor) at 16:20

Goalie Stats

Ben Bishop (WPG), 26 saves from 28 shots - (0,929), L, 20-6-3, 59:03 minutes
Carter Hart (STL), 30 saves from 31 shots - (0,968), W, 19-10-5, 60:00 minutes

Players Stats for Jets

Player Name              G  A  P  +/- PIM S  H  SB GA TA FO     MP     PP MP  PK MP  
------------------------------------------------------------------------------------
Brandon Saad             0  0  0   0  0   2  0  1  0  0  0/0    12:56   0:00   1:25 
Brock Nelson             0  0  0   0  0   3  1  0  0  0  13/26  16:17   1:08   0:22 
Bryan Rust               1  0  1  -1  2   6  1  0  0  0  0/0    20:33   0:51   0:00 
Carl Soderberg           0  0  0   0  0   0  0  0  0  0  1/1     8:33   0:00   1:44 
Hampus Lindholm          0  0  0   1  0   1  3  0  0  0  0/0    19:13   0:51   2:21 
Jaccob Slavin            0  1  1   1  2   1  0  2  0  0  0/0    20:24   0:51   1:12 
Jay Bouwmeester          0  0  0  -1  0   0  4  5  0  0  0/0    18:19   0:00   3:16 
Kasperi Kapanen          0  0  0   0  0   2  1  0  0  0  0/0    15:09   1:08   0:00 
Keith Yandle             0  0  0  -1  0   0  0  1  0  0  0/0    23:03   1:08   3:16 
Mats Zuccarello          0  0  0   0  2   4  0  0  0  0  0/0    15:08   1:08   0:00 
Mika Zibanejad           0  1  1  -1  0   3  0  0  0  0  12/26  20:34   0:51   0:00 
Mikko Koivu              0  0  0   0  0   1  1  0  0  0  8/13   10:25   0:00   3:36 
Nick Foligno             0  0  0   0  0   4  0  0  0  0  0/0    13:15   0:00   1:44 
Nick Suzuki              0  0  0   0  0   1  1  0  0  0  6/10   12:10   0:00   0:25 
Patrik Nemeth            0  0  0  -1  0   0  3  0  0  0  0/0    16:32   0:00   1:29 
Tim Schaller             0  0  0   0  0   1  1  0  0  0  0/2     9:27   0:00   2:38 
Torey Krug               0  0  0  -1  0   0  0  1  0  0  0/0    22:28   1:08   0:20 
Zach Parise              0  0  0  -1  0   2  0  0  0  0  0/0    19:34   0:51   0:00 

Players Stats for Blues

Player Name              G  A  P  +/- PIM S  H  SB GA TA FO     MP     PP MP  PK MP  
------------------------------------------------------------------------------------
Anthony Mantha           1  0  1   1  0   3  3  0  0  0  0/3    15:18   2:44   0:28 
Christian Dvorak         0  0  0   0  0   2  1  3  0  0  10/24  18:25   2:39   0:28 
Colin Miller             0  0  0   1  0   0  2  1  0  0  0/0    16:49   0:06   0:29 
Dougie Hamilton          0  1  1   0  0   0  1  0  0  0  0/0    22:29   3:11   1:30 
Drake Batherson          0  0  0   0  0   0  2  0  0  0  0/0     6:59   0:06   0:00 
Jack Eichel              1  0  1   0  0   4  1  1  0  0  10/20  21:05   3:18   0:00 
Johnny Gaudreau          0  0  0   0  0   3  0  0  0  0  0/1    18:04   2:46   0:00 
Jordan Staal             0  1  1   1  0   3  0  1  0  0  15/18  13:59   0:00   1:11 
Josh Bailey              0  0  0   0  0   2  0  2  0  0  1/1    20:26   2:39   0:00 
MacKenzie Weegar         0  0  0   1  0   0  1  0  0  0  0/0    16:43   0:00   0:29 
Martin Necas             0  0  0   0  0   2  2  0  0  0  0/0    15:18   0:00   0:00 
Michael Chaput           0  0  0   0  0   1  0  0  0  0  0/7     7:47   0:34   0:20 
Mikko Rantanen           0  1  1   0  0   3  0  0  0  0  2/2    20:23   3:18   0:00 
Miles Wood               0  1  1   1  0   1  1  0  0  0  0/2    15:50   2:33   1:11 
P.K. Subban              0  0  0   0  2   0  0  1  0  0  0/0    18:01   0:00   0:00 
Ryan Pulock              0  0  0   0  0   0  0  1  0  0  0/0    20:53   2:37   0:28 
Seth Jones               0  0  0   0  0   3  1  1  0  0  0/0    22:18   3:14   1:02 
Trevor Lewis             0  0  0   0  0   1  1  0  0  0  0/0     7:13   0:00   0:20 

3 Stars

1 - Carter Hart (STL)
2 - Anthony Mantha (STL)
3 - Jack Eichel (STL)

Power Play

Jets - 0 on 1 Attempt(s) - 0,00%
Blues - 0 on 3 Attempt(s) - 0,00%

Penalty Kill

Jets - 3 on 3 Attempt(s) - 100,00% - Score 0 goal in Penalty Kill
Blues - 1 on 1 Attempt(s) - 100,00% - Score 0 goal in Penalty Kill

Team Stat

Jets - Hits : 16 - Faceoff Wins : 40 - Blocked Shots : 10 - Penalty Minutes : 6
Blues - Hits : 16 - Faceoff Wins : 38 - Blocked Shots : 11 - Penalty Minutes : 2

Official

Referees : Brandon Blandina and Francois St-Laurent
Linesman : Kiel Murchison and Steven Berry

Game Notes

Miles Wood is injured at 18:14 of 3rd period (Bruised Right Foot)

Finance

Level 1 -- Attendance: 5868 (90,28%) -- Ticket Income 645 480 $
Level 2 -- Attendance: 4732 (94,64%) -- Ticket Income 354 900 $
Level 3 -- Attendance: 3244 (92,69%) -- Ticket Income 178 420 $
Level 4 -- Attendance: 1562 (100,00%) -- Ticket Income 60 918 $
Luxury Box -- Attendance: 894 (89,40%) -- Ticket Income 177 906 $
Game was played at the Scottrade Center.
Total Attendance: 16300 (92,81%)
Total Ticket Income: 1 417 624 $
Other Income: 694 636 $
Total Income: 2 112 260 $

% Time on Ice - Jets

Lines # - Real PCT - Wanted PCT - Time Play
Normal Forward
1 - 37% - 42% - 18:43
2 - 27% - 33% - 14:01
3 - 23% - 16% - 11:31
4 - 13% - 9% - 6:49
Normal Defense
1 - 35% - 40% - 17:53
2 - 30% - 30% - 15:17
3 - 29% - 20% - 14:49
4 - 6% - 10% - 3:05
PP Forward
1 - 43% - 60% - 0:51
2 - 57% - 40% - 1:08
PP Defense
1 - 57% - 60% - 1:08
2 - 43% - 40% - 0:51
PK Forward
1 - 71% - 60% - 4:13
2 - 29% - 40% - 1:44
PK Defense
1 - 45% - 60% - 2:41
2 - 55% - 40% - 3:16
PK3 Forward
1 - 0% - 60%
2 - 0% - 40%
PK3 Defense
1 - 0% - 60%
2 - 0% - 40%
44 Forward
1 - 0% - 60%
2 - 0% - 40%
44 Defense
1 - 0% - 60%
2 - 0% - 40%
Last Minute Offensive  - 1:00
Last Minute Defensive  - 0:00
Total
Forward - 60:00
Defense - 60:00

% Time on Ice - Blues

Lines # - Real PCT - Wanted PCT - Time Play
Normal Forward
1 - 33% - 36% - 17:05
2 - 30% - 32% - 15:18
3 - 24% - 26% - 12:06
4 - 13% - 6% - 6:53
Normal Defense
1 - 34% - 40% - 17:20
2 - 35% - 40% - 17:48
3 - 32% - 20% - 16:14
4 - 0% - 0% - 0:00
PP Forward
1 - 55% - 60% - 3:18
2 - 45% - 40% - 2:39
PP Defense
1 - 44% - 50% - 2:37
2 - 56% - 50% - 3:20
PK Forward
1 - 83% - 60% - 1:39
2 - 17% - 40% - 0:20
PK Defense
1 - 76% - 60% - 1:31
2 - 24% - 40% - 0:28
PK3 Forward
1 - 0% - 50%
2 - 0% - 50%
PK3 Defense
1 - 0% - 70%
2 - 0% - 30%
44 Forward
1 - 0% - 60%
2 - 0% - 40%
44 Defense
1 - 0% - 60%
2 - 0% - 40%
Last Minute Offensive  - 0:00
Last Minute Defensive  - 0:42
Total
Forward - 60:00
Defense - 60:00

Play-by-Play

1st period


0:01 of 1st period - Jack Eichel wins face-off versus Mika Zibanejad in neutral zone.
0:06 of 1st period - Icing by Torey Krug.
0:07 of 1st period - Mika Zibanejad wins face-off versus Christian Dvorak in Jets zone.
0:22 of 1st period - Shot by Mika Zibanejad.
0:22 of 1st period - Shot Misses the Net.
0:24 of 1st period - Shot by Zach Parise.
0:24 of 1st period - Stopped by Carter Hart with a rebound.
0:30 of 1st period - Shot by Zach Parise.
0:30 of 1st period - Shot Misses the Net.
0:40 of 1st period - Shot by Bryan Rust.
0:40 of 1st period - Shot Misses the Net.
0:42 of 1st period - Shot by Bryan Rust.
0:42 of 1st period - Deflect By Mika Zibanejad.
0:42 of 1st period - Shot Misses the Net.
0:44 of 1st period - Shot by Mika Zibanejad.
0:44 of 1st period - Stopped by Carter Hart without a rebound.
0:45 of 1st period - Jordan Staal wins face-off versus Brock Nelson in Blues zone.
0:58 of 1st period - Shot by Mats Zuccarello.
0:58 of 1st period - Stopped by Carter Hart without a rebound.
0:59 of 1st period - Nick Suzuki wins face-off versus Jack Eichel in Blues zone.
1:02 of 1st period - Shot by Patrik Nemeth.
1:02 of 1st period - Deflect By Brandon Saad.
1:02 of 1st period - Shot Misses the Net.
1:04 of 1st period - Shot by Nick Foligno.
1:04 of 1st period - Shot Blocked by Colin Miller.
1:27 of 1st period - Shot by Brandon Saad.
1:27 of 1st period - Shot Misses the Net.
1:29 of 1st period - Shot by Nick Foligno.
1:29 of 1st period - Stopped by Carter Hart without a rebound.
1:30 of 1st period - Jordan Staal wins face-off versus Brock Nelson in Blues zone.
1:47 of 1st period - Shot by Miles Wood.
1:47 of 1st period - Stopped by Ben Bishop without a rebound.
1:48 of 1st period - Mikko Koivu wins face-off versus Michael Chaput in Jets zone.
2:12 of 1st period - Tim Schaller is hit by Drake Batherson and loses puck.
2:37 of 1st period - Seth Jones is hit by Mikko Koivu and loses puck.
2:57 of 1st period - Mika Zibanejad is hit by Seth Jones and loses puck.
3:14 of 1st period - Shot by Mika Zibanejad.
3:14 of 1st period - Shot Blocked by Josh Bailey.
3:16 of 1st period - Shot by Hampus Lindholm.
3:16 of 1st period - Stopped by Carter Hart without a rebound.
3:17 of 1st period - Christian Dvorak wins face-off versus Brock Nelson in Blues zone.
3:17 of 1st period - Christian Dvorak is hit by Kasperi Kapanen.
3:36 of 1st period - Shot by Brock Nelson.
3:36 of 1st period - Shot Misses the Net.
4:47 of 1st period - Anthony Mantha is hit by Hampus Lindholm and loses puck.
5:09 of 1st period - Minor Penalty to Bryan Rust for Tripping.
5:10 of 1st period - Mikko Koivu wins face-off versus Jack Eichel in Jets zone.
5:10 of 1st period - Mikko Koivu is hit by Anthony Mantha.
6:48 of 1st period - Shot by Mikko Rantanen.
6:48 of 1st period - Deflect By Jack Eichel.
6:48 of 1st period - Stopped by Ben Bishop with a rebound.
7:26 of 1st period - Mika Zibanejad is hit by Colin Miller and loses puck.
7:31 of 1st period - Shot by Mika Zibanejad.
7:31 of 1st period - Stopped by Carter Hart without a rebound.
7:32 of 1st period - Brock Nelson wins face-off versus Christian Dvorak in Blues zone.
7:45 of 1st period - Shot by Brock Nelson.
7:45 of 1st period - Stopped by Carter Hart with a rebound.
7:47 of 1st period - Shot by Kasperi Kapanen.
7:47 of 1st period - Deflect By Brock Nelson.
7:47 of 1st period - Shot Blocked by P.K. Subban.
7:59 of 1st period - Shot by Mats Zuccarello.
7:59 of 1st period - Stopped by Carter Hart without a rebound.
8:00 of 1st period - Jordan Staal wins face-off versus Mika Zibanejad in Blues zone.
8:09 of 1st period - Shot by Miles Wood.
8:09 of 1st period - Shot Misses the Net.
8:11 of 1st period - Shot by MacKenzie Weegar.
8:11 of 1st period - Shot Misses the Net.
8:51 of 1st period - Shot by Jack Eichel.
8:51 of 1st period - Shot Misses the Net.
10:02 of 1st period - Shot by Brock Nelson.
10:02 of 1st period - Shot Misses the Net.
10:29 of 1st period - Icing by Jay Bouwmeester.
10:30 of 1st period - Jordan Staal wins face-off versus Brock Nelson in Jets zone.
11:15 of 1st period - Shot by Brandon Saad.
11:15 of 1st period - Shot Blocked by Jordan Staal.
11:17 of 1st period - Shot by Nick Foligno.
11:17 of 1st period - Stopped by Carter Hart with a rebound.
12:22 of 1st period - Off-side.
12:23 of 1st period - Christian Dvorak wins face-off versus Mika Zibanejad in neutral zone.
13:52 of 1st period - Icing by Dougie Hamilton.
13:53 of 1st period - Brock Nelson wins face-off versus Michael Chaput in Blues zone.
14:45 of 1st period - Shot by Bryan Rust.
14:45 of 1st period - Stopped by Carter Hart without a rebound.
14:46 of 1st period - Christian Dvorak wins face-off versus Mikko Koivu in Blues zone.
14:54 of 1st period - Christian Dvorak is hit by Jay Bouwmeester.
15:27 of 1st period - Johnny Gaudreau is hit by Jay Bouwmeester and loses puck.
15:50 of 1st period - Anthony Mantha is hit by Jay Bouwmeester.
16:32 of 1st period - Icing by Bryan Rust.
16:33 of 1st period - Mika Zibanejad wins face-off versus Michael Chaput in Jets zone.
16:33 of 1st period - Mika Zibanejad is hit by Drake Batherson.
17:11 of 1st period - Shot by Bryan Rust.
17:11 of 1st period - Stopped by Carter Hart without a rebound.
17:12 of 1st period - Brock Nelson wins face-off versus Jack Eichel in Blues zone.
17:22 of 1st period - Icing by Colin Miller.
17:23 of 1st period - Nick Suzuki wins face-off versus Jack Eichel in Blues zone.
17:44 of 1st period - Shot by Torey Krug.
17:44 of 1st period - Shot Blocked by Josh Bailey.
17:51 of 1st period - Icing by Mikko Rantanen.
17:52 of 1st period - Mika Zibanejad wins face-off versus Jack Eichel in Blues zone.
17:53 of 1st period - Shot by Bryan Rust.
17:53 of 1st period - Shot Misses the Net.
18:33 of 1st period - Shot by Bryan Rust.
18:33 of 1st period - Stopped by Carter Hart with a rebound.
19:34 of 1st period - Mats Zuccarello is hit by Anthony Mantha.
19:52 of 1st period - Shot by P.K. Subban.
19:52 of 1st period - Shot Blocked by Jay Bouwmeester.
19:54 of 1st period - Shot by Jordan Staal.
19:54 of 1st period - Shot Misses the Net.
Goals for this period are 0 for Jets vs 0 for Blues.
Shots for this period are 12 for Jets vs 2 for Blues.

2nd period


0:01 of 2nd period - Mika Zibanejad wins face-off versus Jack Eichel in neutral zone.
0:31 of 2nd period - Icing by Keith Yandle.
0:32 of 2nd period - Christian Dvorak wins face-off versus Mika Zibanejad in Jets zone.
0:36 of 2nd period - Icing by Keith Yandle.
0:37 of 2nd period - Mika Zibanejad wins face-off versus Christian Dvorak in Jets zone.
0:42 of 2nd period - Shot by Zach Parise.
0:42 of 2nd period - Shot Misses the Net.
1:20 of 2nd period - Icing by Dougie Hamilton.
1:21 of 2nd period - Christian Dvorak wins face-off versus Nick Suzuki in Blues zone.
2:05 of 2nd period - Icing by Nick Foligno.
2:06 of 2nd period - Nick Suzuki wins face-off versus Anthony Mantha in Jets zone.
2:23 of 2nd period - Icing by Keith Yandle.
2:24 of 2nd period - Brock Nelson wins face-off versus Michael Chaput in Jets zone.
2:37 of 2nd period - Shot by Kasperi Kapanen.
2:37 of 2nd period - Shot Misses the Net.
2:41 of 2nd period - Shot by Kasperi Kapanen.
2:41 of 2nd period - Stopped by Carter Hart without a rebound.
2:42 of 2nd period - Jack Eichel wins face-off versus Mika Zibanejad in Blues zone.
2:57 of 2nd period - Shot by Mikko Rantanen.
2:57 of 2nd period - Stopped by Ben Bishop without a rebound.
2:58 of 2nd period - Brock Nelson wins face-off versus Jordan Staal in Jets zone.
4:12 of 2nd period - Bryan Rust is hit by Jack Eichel and loses puck.
5:03 of 2nd period - Shot by Nick Suzuki.
5:03 of 2nd period - Deflect By Brandon Saad.
5:03 of 2nd period - Stopped by Carter Hart without a rebound.
5:04 of 2nd period - Mikko Koivu wins face-off versus Christian Dvorak in Blues zone.
5:04 of 2nd period - Carl Soderberg is hit by MacKenzie Weegar and loses puck.
5:25 of 2nd period - Shot by Christian Dvorak.
5:25 of 2nd period - Shot Misses the Net.
5:29 of 2nd period - Shot by Martin Necas.
5:29 of 2nd period - Stopped by Ben Bishop with a rebound.
5:31 of 2nd period - Shot by Christian Dvorak.
5:31 of 2nd period - Stopped by Ben Bishop without a rebound.
5:32 of 2nd period - Brock Nelson wins face-off versus Michael Chaput in Jets zone.
6:01 of 2nd period - Shot by Mats Zuccarello.
6:01 of 2nd period - Stopped by Carter Hart without a rebound.
6:02 of 2nd period - Mika Zibanejad wins face-off versus Christian Dvorak in Blues zone.
6:29 of 2nd period - Shot by Johnny Gaudreau.
6:29 of 2nd period - Shot Misses the Net.
7:21 of 2nd period - Shot by Jack Eichel.
7:21 of 2nd period - Stopped by Ben Bishop without a rebound.
7:21 of 2nd period - Minor Penalty to Jaccob Slavin for Tripping.
7:22 of 2nd period - Jack Eichel wins face-off versus Tim Schaller in Jets zone.
7:33 of 2nd period - Mikko Rantanen is hit by Tim Schaller and loses puck.
7:41 of 2nd period - Icing by Ryan Pulock.
7:42 of 2nd period - Mikko Rantanen wins face-off versus Tim Schaller in Blues zone.
8:07 of 2nd period - Off-side.
8:08 of 2nd period - Mikko Koivu wins face-off versus Christian Dvorak in neutral zone.
9:09 of 2nd period - Shot by Dougie Hamilton.
9:09 of 2nd period - Shot Misses the Net.
9:19 of 2nd period - Shot by Jack Eichel.
9:19 of 2nd period - Shot Blocked by Jay Bouwmeester.
9:27 of 2nd period - Shot by Michael Chaput.
9:27 of 2nd period - Shot Blocked by Jaccob Slavin.
9:29 of 2nd period - Shot by Trevor Lewis.
9:29 of 2nd period - Stopped by Ben Bishop with a rebound.
9:40 of 2nd period - Shot by Drake Batherson.
9:40 of 2nd period - Shot Blocked by Jaccob Slavin.
9:42 of 2nd period - Shot by Michael Chaput.
9:42 of 2nd period - Stopped by Ben Bishop without a rebound.
9:43 of 2nd period - Jordan Staal wins face-off versus Brock Nelson in Jets zone.
10:02 of 2nd period - Off-side.
10:03 of 2nd period - Mika Zibanejad wins face-off versus Michael Chaput in neutral zone.
10:06 of 2nd period - Shot by Bryan Rust.
10:06 of 2nd period - Shot Misses the Net.
11:24 of 2nd period - Shot by Brock Nelson.
11:24 of 2nd period - Shot Misses the Net.
11:26 of 2nd period - Shot by Keith Yandle.
11:26 of 2nd period - Shot Blocked by Jack Eichel.
11:28 of 2nd period - Shot by Mats Zuccarello.
11:28 of 2nd period - Stopped by Carter Hart without a rebound.
11:29 of 2nd period - Nick Suzuki wins face-off versus Christian Dvorak in Blues zone.
11:52 of 2nd period - Shot by Nick Foligno.
11:52 of 2nd period - Stopped by Carter Hart with a rebound.
11:54 of 2nd period - Shot by Brandon Saad.
11:54 of 2nd period - Stopped by Carter Hart without a rebound.
11:55 of 2nd period - Jordan Staal wins face-off versus Brock Nelson in Blues zone.
12:25 of 2nd period - Shot by Jordan Staal.
12:25 of 2nd period - Stopped by Ben Bishop without a rebound.
12:26 of 2nd period - Mikko Rantanen wins face-off versus Mika Zibanejad in Jets zone.
12:51 of 2nd period - Off-side.
12:52 of 2nd period - Christian Dvorak wins face-off versus Mikko Koivu in neutral zone.
12:59 of 2nd period - Jaccob Slavin is hit by Martin Necas and loses puck.
13:39 of 2nd period - Icing by Seth Jones.
13:40 of 2nd period - Christian Dvorak wins face-off versus Mika Zibanejad in Blues zone.
13:58 of 2nd period - Minor Penalty to P.K. Subban for Diving.
13:59 of 2nd period - Brock Nelson wins face-off versus Miles Wood in Blues zone.
15:06 of 2nd period - Zach Parise is hit by Trevor Lewis and loses puck.
15:15 of 2nd period - Michael Chaput is hit by Bryan Rust and loses puck.
15:20 of 2nd period - Shot by Zach Parise.
15:20 of 2nd period - Stopped by Carter Hart without a rebound.
15:21 of 2nd period - Brock Nelson wins face-off versus Christian Dvorak in Blues zone.
15:36 of 2nd period - Shot by Kasperi Kapanen.
15:36 of 2nd period - Shot Misses the Net.
15:38 of 2nd period - Shot by Brock Nelson.
15:38 of 2nd period - Shot Misses the Net.
15:48 of 2nd period - Shot by Brock Nelson.
15:48 of 2nd period - Stopped by Carter Hart without a rebound.
15:49 of 2nd period - Mika Zibanejad wins face-off versus Jordan Staal in Blues zone.
15:56 of 2nd period - Shot by Bryan Rust.
15:56 of 2nd period - Stopped by Carter Hart without a rebound.
15:57 of 2nd period - Mika Zibanejad wins face-off versus Jordan Staal in Blues zone.
16:10 of 2nd period - Shot by Mikko Rantanen.
16:10 of 2nd period - Stopped by Ben Bishop with a rebound.
16:12 of 2nd period - Shot by Josh Bailey.
16:12 of 2nd period - Stopped by Ben Bishop with a rebound.
16:14 of 2nd period - Shot by Jack Eichel.
16:14 of 2nd period - Shot Misses the Net.
16:16 of 2nd period - Shot by Mikko Rantanen.
16:16 of 2nd period - Shot Misses the Net.
17:14 of 2nd period - Shot by Mika Zibanejad.
17:14 of 2nd period - Stopped by Carter Hart without a rebound.
17:15 of 2nd period - Jordan Staal wins face-off versus Brock Nelson in Blues zone.
17:44 of 2nd period - Icing by Seth Jones.
17:45 of 2nd period - Jordan Staal wins face-off versus Mika Zibanejad in Blues zone.
18:26 of 2nd period - Shot by Mikko Rantanen.
18:26 of 2nd period - Shot Misses the Net.
18:36 of 2nd period - Shot by Jack Eichel.
18:36 of 2nd period - Stopped by Ben Bishop without a rebound.
18:37 of 2nd period - Christian Dvorak wins face-off versus Brock Nelson in Jets zone.
18:52 of 2nd period - Shot by Mats Zuccarello.
18:52 of 2nd period - Deflect By Brock Nelson.
18:52 of 2nd period - Shot Blocked by Christian Dvorak.
18:54 of 2nd period - Shot by Kasperi Kapanen.
18:54 of 2nd period - Shot Blocked by Ryan Pulock.
18:56 of 2nd period - Shot by Kasperi Kapanen.
18:56 of 2nd period - Shot Blocked by Christian Dvorak.
18:58 of 2nd period - Shot by Brock Nelson.
18:58 of 2nd period - Shot Blocked by Christian Dvorak.
19:00 of 2nd period - Shot by Kasperi Kapanen.
19:00 of 2nd period - Shot Misses the Net.
19:02 of 2nd period - Shot by Kasperi Kapanen.
19:02 of 2nd period - Shot Misses the Net.
19:04 of 2nd period - Shot by Kasperi Kapanen.
19:04 of 2nd period - Stopped by Carter Hart without a rebound.
19:05 of 2nd period - Jack Eichel wins face-off versus Mikko Koivu in Blues zone.
19:25 of 2nd period - Jack Eichel is hit by Patrik Nemeth and loses puck.
Goals for this period are 0 for Jets vs 0 for Blues.
Shots for this period are 11 for Jets vs 10 for Blues.

3rd period


0:01 of 3rd period - Josh Bailey wins face-off versus Mika Zibanejad in neutral zone.
0:04 of 3rd period - Shot by Mikko Rantanen.
0:04 of 3rd period - Stopped by Ben Bishop without a rebound.
0:05 of 3rd period - Jack Eichel wins face-off versus Mika Zibanejad in Jets zone.
1:01 of 3rd period - Shot by Anthony Mantha.
1:01 of 3rd period - Stopped by Ben Bishop with a rebound.
1:17 of 3rd period - Shot by P.K. Subban.
1:17 of 3rd period - Shot Misses the Net.
1:21 of 3rd period - Shot by Jordan Staal.
1:21 of 3rd period - Shot Misses the Net.
1:23 of 3rd period - Shot by Seth Jones.
1:23 of 3rd period - Stopped by Ben Bishop without a rebound.
1:24 of 3rd period - Christian Dvorak wins face-off versus Brock Nelson in Jets zone.
1:25 of 3rd period - Shot by Johnny Gaudreau.
1:25 of 3rd period - Stopped by Ben Bishop without a rebound.
1:26 of 3rd period - Brock Nelson wins face-off versus Johnny Gaudreau in Jets zone.
1:39 of 3rd period - Shot by Martin Necas.
1:39 of 3rd period - Shot Misses the Net.
2:21 of 3rd period - Shot by Nick Foligno.
2:21 of 3rd period - Shot Misses the Net.
2:24 of 3rd period - Icing by MacKenzie Weegar.
2:25 of 3rd period - Mikko Koivu wins face-off versus Christian Dvorak in Blues zone.
2:34 of 3rd period - Shot by Tim Schaller.
2:34 of 3rd period - Stopped by Carter Hart without a rebound.
2:35 of 3rd period - Nick Suzuki wins face-off versus Jack Eichel in Blues zone.
3:08 of 3rd period - Shot by Nick Foligno.
3:08 of 3rd period - Stopped by Carter Hart without a rebound.
3:09 of 3rd period - Jordan Staal wins face-off versus Brock Nelson in Blues zone.
3:17 of 3rd period - Icing by Torey Krug.
3:18 of 3rd period - Brock Nelson wins face-off versus Anthony Mantha in Jets zone.
3:29 of 3rd period - Shot by Mats Zuccarello.
3:29 of 3rd period - Shot Misses the Net.
4:14 of 3rd period - Icing by Bryan Rust.
4:15 of 3rd period - Mika Zibanejad wins face-off versus Jack Eichel in Jets zone.
4:26 of 3rd period - Shot by Bryan Rust.
4:26 of 3rd period - Shot Misses the Net.
4:28 of 3rd period - Shot by Bryan Rust.
4:28 of 3rd period - Goal by Bryan Rust - Jets : 1 - Blues : 0.
4:29 of 3rd period - Nick Suzuki wins face-off versus Christian Dvorak in neutral zone.
4:44 of 3rd period - Shot by Christian Dvorak.
4:44 of 3rd period - Shot Blocked by Jay Bouwmeester.
4:49 of 3rd period - Christian Dvorak is hit by Patrik Nemeth and loses puck.
5:04 of 3rd period - Shot by Nick Suzuki.
5:04 of 3rd period - Stopped by Carter Hart without a rebound.
5:05 of 3rd period - Jack Eichel wins face-off versus Mika Zibanejad in Blues zone.
6:17 of 3rd period - Shot by Anthony Mantha.
6:17 of 3rd period - Shot Misses the Net.
6:28 of 3rd period - Icing by Seth Jones.
6:29 of 3rd period - Jordan Staal wins face-off versus Brock Nelson in Blues zone.
6:36 of 3rd period - Shot by P.K. Subban.
6:36 of 3rd period - Shot Misses the Net.
7:20 of 3rd period - Shot by Christian Dvorak.
7:20 of 3rd period - Deflect By Johnny Gaudreau.
7:20 of 3rd period - Stopped by Ben Bishop without a rebound.
7:21 of 3rd period - Jack Eichel wins face-off versus Nick Suzuki in Jets zone.
7:47 of 3rd period - Off-side.
7:48 of 3rd period - Mikko Koivu wins face-off versus Christian Dvorak in neutral zone.
8:09 of 3rd period - Shot by Mikko Koivu.
8:09 of 3rd period - Stopped by Carter Hart without a rebound.
8:10 of 3rd period - Mika Zibanejad wins face-off versus Jack Eichel in Blues zone.
8:22 of 3rd period - Josh Bailey is hit by Patrik Nemeth and loses puck.
8:41 of 3rd period - Shot by Jack Eichel.
8:41 of 3rd period - Goal by Jack Eichel - Jets : 1 - Blues : 1.
8:42 of 3rd period - Christian Dvorak wins face-off versus Brock Nelson in neutral zone.
8:47 of 3rd period - Shot by Martin Necas.
8:47 of 3rd period - Shot Blocked by Keith Yandle.
8:49 of 3rd period - Shot by Seth Jones.
8:49 of 3rd period - Shot Blocked by Torey Krug.
8:51 of 3rd period - Shot by Johnny Gaudreau.
8:51 of 3rd period - Stopped by Ben Bishop without a rebound.
8:52 of 3rd period - Jordan Staal wins face-off versus Nick Suzuki in Jets zone.
8:53 of 3rd period - Shot by Miles Wood.
8:53 of 3rd period - Deflect By Jordan Staal.
8:53 of 3rd period - Stopped by Ben Bishop without a rebound.
8:54 of 3rd period - Brock Nelson wins face-off versus Christian Dvorak in Jets zone.
8:54 of 3rd period - Brock Nelson is hit by Martin Necas.
10:03 of 3rd period - Hampus Lindholm is hit by Christian Dvorak.
10:10 of 3rd period - Bryan Rust is hit by Dougie Hamilton and loses puck.
11:46 of 3rd period - Shot by Anthony Mantha.
11:46 of 3rd period - Shot Blocked by Brandon Saad.
11:48 of 3rd period - Shot by Colin Miller.
11:48 of 3rd period - Shot Misses the Net.
11:50 of 3rd period - Shot by Colin Miller.
11:50 of 3rd period - Shot Misses the Net.
11:52 of 3rd period - Shot by Jordan Staal.
11:52 of 3rd period - Shot Misses the Net.
12:56 of 3rd period - Shot by Josh Bailey.
12:56 of 3rd period - Stopped by Ben Bishop without a rebound.
12:57 of 3rd period - Jordan Staal wins face-off versus Mika Zibanejad in Jets zone.
13:00 of 3rd period - Shot by Anthony Mantha.
13:00 of 3rd period - Goal by Anthony Mantha - Jets : 1 - Blues : 2.
13:01 of 3rd period - Mika Zibanejad wins face-off versus Anthony Mantha in neutral zone.
13:10 of 3rd period - Torey Krug is hit by Anthony Mantha and loses puck.
13:32 of 3rd period - Icing by MacKenzie Weegar.
13:33 of 3rd period - Jordan Staal wins face-off versus Brock Nelson in Blues zone.
13:33 of 3rd period - Jordan Staal is hit by Brock Nelson.
13:36 of 3rd period - Icing by Anthony Mantha.
13:37 of 3rd period - Brock Nelson wins face-off versus Miles Wood in Blues zone.
13:38 of 3rd period - Shot by Jaccob Slavin.
13:38 of 3rd period - Stopped by Carter Hart without a rebound.
13:39 of 3rd period - Brock Nelson wins face-off versus Jack Eichel in Blues zone.
13:44 of 3rd period - Shot by Mats Zuccarello.
13:44 of 3rd period - Shot Misses the Net.
14:01 of 3rd period - Seth Jones is hit by Hampus Lindholm and loses puck.
14:18 of 3rd period - Shot by Brock Nelson.
14:18 of 3rd period - Stopped by Carter Hart with a rebound.
14:20 of 3rd period - Shot by Hampus Lindholm.
14:20 of 3rd period - Shot Blocked by Seth Jones.
15:11 of 3rd period - Shot by Martin Necas.
15:11 of 3rd period - Stopped by Ben Bishop with a rebound.
15:16 of 3rd period - Icing by Torey Krug.
15:17 of 3rd period - Jordan Staal wins face-off versus Mika Zibanejad in Jets zone.
15:24 of 3rd period - Shot by Anthony Mantha.
15:24 of 3rd period - Stopped by Ben Bishop with a rebound.
15:26 of 3rd period - Shot by Jordan Staal.
15:26 of 3rd period - Stopped by Ben Bishop without a rebound.
15:27 of 3rd period - Mikko Koivu wins face-off versus Michael Chaput in Jets zone.
15:59 of 3rd period - Icing by Hampus Lindholm.
16:00 of 3rd period - Jack Eichel wins face-off versus Mikko Koivu in Jets zone.
16:20 of 3rd period - Minor Penalty to Mats Zuccarello for Hooking.
16:21 of 3rd period - Mikko Koivu wins face-off versus Christian Dvorak in Jets zone.
16:21 of 3rd period - Mikko Koivu is hit by Miles Wood.
16:37 of 3rd period - Shot by Seth Jones.
16:37 of 3rd period - Stopped by Ben Bishop without a rebound.
16:38 of 3rd period - Jack Eichel wins face-off versus Mikko Koivu in Jets zone.
16:42 of 3rd period - Jack Eichel is hit by Jay Bouwmeester and loses puck.
17:11 of 3rd period - Shot by Mikko Rantanen.
17:11 of 3rd period - Shot Misses the Net.
17:13 of 3rd period - Shot by Dougie Hamilton.
17:13 of 3rd period - Shot Hit the Post.
17:15 of 3rd period - Shot by Jack Eichel.
17:15 of 3rd period - Shot Blocked by Jay Bouwmeester.
17:35 of 3rd period - Shot by Christian Dvorak.
17:35 of 3rd period - Stopped by Ben Bishop with a rebound.
17:37 of 3rd period - Shot by Christian Dvorak.
17:37 of 3rd period - Shot Blocked by Jay Bouwmeester.
17:41 of 3rd period - Shot by Miles Wood.
17:41 of 3rd period - Shot Misses the Net.
17:43 of 3rd period - Shot by Seth Jones.
17:43 of 3rd period - Stopped by Ben Bishop without a rebound.
17:44 of 3rd period - Carl Soderberg wins face-off versus Christian Dvorak in Jets zone.
18:13 of 3rd period - Miles Wood is hit by Hampus Lindholm and loses puck.
18:14 of 3rd period - Miles Wood from Blues is injured at 18:14 of 3rd period (Bruised Right Foot).
18:15 of 3rd period - Jack Eichel wins face-off versus Nick Suzuki in Jets zone.
18:55 of 3rd period - Shot by Kasperi Kapanen.
18:55 of 3rd period - Shot Misses the Net.
19:03 of 3rd period - Jets, Ben Bishop is pulled from the net.
19:06 of 3rd period - Bryan Rust is hit by Colin Miller and loses puck.
19:45 of 3rd period - Shot by Bryan Rust.
19:45 of 3rd period - Stopped by Carter Hart without a rebound.
19:46 of 3rd period - Jordan Staal wins face-off versus Mika Zibanejad in Blues zone.
19:46 of 3rd period - Jordan Staal is hit by Nick Suzuki.
Goals for this period are 1 for Jets vs 2 for Blues.
Shots for this period are 8 for Jets vs 16 for Blues.